 Dungeon Crawl Stone Soup version 0.28-a0-556-gab23d0e057 (webtiles) character file.

Game seed: 10182366100989743374

150 robertstho the Magician (level 5, -2/36 HPs)
             Began as a Djinni Fire Elementalist on Sept 28, 2021.
             Slain by a lemure (3 damage)
             ... led by Pikel
             ... on level 4 of the Dungeon.
             The game lasted 00:03:24 (3754 turns).

robertstho the Magician (Djinni Fire Elementalist)  Turns: 3754, Time: 00:03:25

Health: -2/36      AC:  2    Str:  7    XL:     5   Next: 58%
Gold:   117        EV: 11    Int: 18    God:
                   SH:  3    Dex: 13

rFire   + + .      SeeInvis .   i - +0 dagger
rCold   x . .      Faith    .   c - +0 buckler
rNeg    . . .      Spirit   .   a - +0 robe
rPois   ∞          Reflect  .   (no helmet)
rElec   .          Harm     .   b - scarf {repulsion}
rCorr   .          Rampage  .   (no gloves)
Will    .....                   (boots unavailable)
Stlth   ++........              (no amulet)
HPRegen 0.12/turn               (no ring)
MPRegen 0.00/turn               (no ring)

@: flying, repel missiles
A: sickness immunity, fire resistance 2, cold vulnerability 1, float, innate
caster, hp casting, extra vitality 1
a: no special abilities


You were on level 4 of the Dungeon.
You visited 1 branch of the dungeon, and saw 4 of its levels.

You collected 117 gold pieces.

Inventory:

Hand Weapons
 i - a +0 dagger (weapon)
Armour
 a - a +0 robe (worn)
 b - a scarf of repulsion (worn)
 c - a +0 buckler (worn)
Jewellery
 o - a +6 ring of strength
Wands
 k - a wand of paralysis (6)
Scrolls
 e - 2 scrolls of enchant armour {unknown}
 f - a scroll of enchant weapon {unknown}
 j - a scroll of teleportation {unknown}
 m - a scroll of identify {unknown}
Potions
 d - 2 potions of berserk rage {unknown}
 g - a potion of haste {unknown}
 h - a potion of curing {unknown}
 l - a potion of magic {unknown}
 n - 2 potions of attraction {unknown}


   Skills:
 * Level 0.7 Fighting
 + Level 2.5 Dodging
 + Level 1.9 Stealth
 + Level 0.1 Shields
 * Level 4.2 Spellcasting


You couldn't memorise any spells.
You knew the following spells:

 Your Spells              Type           Power      Damage    Failure   Level
a - Foxfire               Conj/Fire      76%        2x1d7     4%          1
b - Scorch                Fire           38%        2d7       6%          2
c - Conjure Flame         Conj/Fire      19%        6-21      12%         3
d - Inner Flame           Hex/Fire       19%        N/A       12%         3
e - Flame Wave            Conj/Fire      19%        3d5       38%         4
f - Apportation           Tloc           38%        N/A       4%          1
g - Ensorcelled Hibernat  Hex/Ice        38%        N/A       6%          2
Your spell library was empty.

Dungeon Overview and Level Annotations

Branches:
Dungeon (4/15)
 Temple: D:4-7

Altars:
Hepliaklqana

Annotations:
D:4 Pikel


Innate Abilities, Weirdness & Mutations

You are immune to sickness and miasma.
You are immune to poison.
Your flesh is very heat resistant. (rF++)
You are vulnerable to cold. (rC-)
You float through the air rather than walking.
You learn spells naturally, not from books.
Your magical power is your life essence.
You have superior vitality. (+4 HP)


Message History

Confirm with . or Enter, or press ? or * to list all spells.
Flames lash the lemure.
The lemure is moderately wounded.
The lemure's fire resistance burns away.
The foxfire hits Pikel.
Pikel resists.
Pikel is moderately wounded.
The foxfire hits Pikel but does no damage.
Pikel is moderately wounded.
The lemure barely misses you.
Casting: Scorch (safe; 6% risk of failure)
Confirm with . or Enter, or press ? or * to list all spells.
The spell is extremely dangerous to cast (38% risk of failure)!
Continue anyway?
Casting: Flame Wave (extremely dangerous; 38% risk of failure)
Press: ? - help, Dir - look around, f - activate A wave of flame ripples out!
The flame wave engulfs Pikel.
Pikel resists.
Pikel is heavily wounded.
The flame wave engulfs the lemure.
The lemure is moderately wounded. (Press . to intensify the flame waves.)
A water moccasin skeleton comes into view.
Pikel hits you with a +2 whip of freezing.
Pikel freezes you. The lemure misses you.
A quokka comes into view.
A wave of flame ripples out!
The flame wave engulfs Pikel.
Pikel resists.
Pikel is heavily wounded.
The flame wave engulfs the lemure!!
The lemure is burned terribly!
The lemure is almost dead.
The flame wave engulfs the lemure.
The lemure is heavily wounded.
The flame wave engulfs the lemure!
The lemure is moderately wounded.
The flame wave engulfs the hobgoblin!
You kill the hobgoblin!
Pikel says, "You'll feel the lick of my whip!"
Pikel hits you with a +2 whip of freezing!
* * * LOW HITPOINT WARNING * * *
Pikel freezes you!
* * * LOW HITPOINT WARNING * * *
The lemure hits you.
You die...

##..........r
.##............
#Z.....>......#
#............#
#...........
#?.....†5.#
#....555#
#...@K# ###
#####.## ##..#
#..##.....
#..#......
##...†....
##........
##.........
##...##.....
##...## #....


You could see Pikel (resistant), 4 lemures, a quokka and a water moccasin
skeleton.

Vanquished Creatures
  A hound (D:4)
  A centaur skeleton (D:3)
  A hound skeleton (D:3)
  2 adders
  A worm (D:2)
  2 orcs (D:3)
  6 bats
  9 endoplasms
  3 goblins
  7 hobgoblins
  3 jackals (D:2)
  A quokka (D:1)
  4 ball pythons
  A ball python zombie (D:3)
  2 frilled lizards
  6 kobolds
  8 rats
58 creatures vanquished.

Vanquished Creatures (others)
  240 foxfires
240 creatures vanquished.

Grand Total: 298 creatures vanquished

Notes
Turn   | Place    | Note
-------+----------+-------------------------------------------
     0 | D:1      | robertstho the Djinni Fire Elementalist began the quest for
                  | the Orb.
     0 | D:1      | Reached XP level 1. HP: 15/15 MP: 0/0
   306 | D:1      | Reached XP level 2. HP: 17/21 MP: 0/0
   982 | D:2      | Reached skill level 3 in Spellcasting
   982 | D:2      | Reached XP level 3. HP: 6/25 MP: 0/0
   982 | D:2      | Learned a level 1 spell: Apportation
  1690 | D:2      | Found a hazy altar of Hepliaklqana.
  1903 | D:2      | You are sucked into a shaft and drop 1 floor!
  1990 | D:3      | Reached XP level 4. HP: 25/31 MP: 0/0
  3174 | D:3      | Reached XP level 5. HP: 32/36 MP: 0/0
  3174 | D:3      | Learned a level 2 spell: Ensorcelled Hibernation
  3377 | D:3      | Reached skill level 4 in Spellcasting
  3747 | D:4      | Noticed Pikel
  3747 | D:4      | Noticed a lemure
  3747 | D:4      | Noticed a lemure
  3747 | D:4      | Noticed a lemure
  3747 | D:4      | Noticed a lemure
  3754 | D:4      | HP: 1/36 [Pikel (7)]
  3754 | D:4      | Slain by a lemure

Illustrated notes

Levels and vault maps discovered:
D:1:      scummos_arrival_simple_crosswalls, layout_rooms, nrook_mini_vaults,
          chequers_serial_rivers_room_b, minmay_heptomino_o4
D:2:      layout_loops_ring, basic_altar,
          dreamdust_ecumenical_altar_hidden_monk_grotto
D:3:      minmay_razor_zed, layout_loops_ring
D:4:      layout_cave_pods, lemuel_round_altar, corexii_leaking_fountain,
          uniq_purgy, uniq_pikel

Skill      XL: |  1  2  3  4  5 |
---------------+----------------+-----
Spellcasting   | 3 4 |  4.2
Fighting       | |  0.7
Dodging        | |  2.5
Stealth        | |  1.9
Shields        | |  0.1

Action                   |  1- 3 |  4- 6 || total
-------------------------+-------+-------++-------
Melee: Dagger            |     1 |       ||     1
 Cast: Foxfire           |    81 |    79 ||   160
       Scorch            |     1 |     3 ||     4
       Flame Wave        |       |     1 ||     1
Armor: Robe              |     2 |     8 ||    10
Dodge: Dodged            |    11 |    15 ||    26
Block: Buckler           |     3 |     7 ||    10

Table legend: (Time is in decaauts)
 A = Elapsed time spent in this place.
 B = Non-inter-level travel time spent in this place.
 C = Inter-level travel time spent in this place.
 D = Time resting spent in this place.
 E = Time spent auto-exploring this place.
 F = Levels seen in this place.
 G = Mean time per level.
                   A        B        C        D        E       F      G
               +--------+--------+--------+--------+--------+-----+--------+
         Total |   3752 |   3706 |     46 |      0 |   3279 |   4 |  938.0 |
       Dungeon |   3752 |   3706 |     46 |      0 |   3279 |   4 |  938.0 |
               +--------+--------+--------+--------+--------+-----+--------+

Top non-repeatable levels by time:
     D:3: 1684 daAuts
     D:2: 1117 daAuts
     D:1: 785 daAuts
     D:4: 165 daAuts
